 Dungeon Crawl Stone Soup version 0.30-a0-1164-ge08a67761e (webtiles) character file.

Game seed: 12406593992581945184

28 backslashecho the Chiller (level 3, 0/28 HPs)
             Began as a Naga Ice Elementalist on Apr 29, 2023.
             Slain by a jackal (2 damage)
             ... on level 2 of the Dungeon.
             The game lasted 00:04:02 (1206 turns).

backslashecho the Chiller (Naga Ice Elementalist)   Turns: 1206, Time: 00:04:02

Health: 0/28       AC:  2    Str:  7 (10) XL:     3   Next: 12%
Magic:  0/6        EV:  9    Int: 16 (17) God:
Gold:   56         SH:  0    Dex:  9 (11) Spells: 5/6 levels left

rFire   . . .        m - +0 dagger
rCold   . . .        (no shield)
rNeg    . . .        a - +0 robe
rPois   +            (no helmet)
rElec   .            (no cloak)
rCorr   .            (no gloves)
SInv    +            (no barding)
Will    .....        (no amulet)
Stlth   ++           (no ring)
HPRegen 0.24/turn    (no ring)
MPRegen 0.10/turn

%: no passive effects
@: flying (expiring), very slow
A: AC +1, large, see invisible, deformed body, poison resistance, slowness 2,
spit poison 1, naga tail 1
a: Spit Poison


You were on level 2 of the Dungeon.
You visited 1 branch of the dungeon, and saw 2 of its levels.

You collected 56 gold pieces.

Inventory:

Hand Weapons
 m - a +0 dagger (weapon)
Missiles
 e - a javelin (quivered)
Armour
 a - a +0 robe (worn)
Jewellery
 k - an amulet of faith
Scrolls
 c - 2 scrolls of identify {unknown}
 d - a scroll of teleportation {unknown}
 f - a scroll of poison {unknown}
 g - a scroll of butterflies {unknown}
 i - a scroll of vulnerability {unknown}
 n - a scroll of fog {unknown}
Potions
 b - a potion of magic


   Skills:
 - Level 1.5 Dodging
 + Level 3.7 Stealth
 + Level 2.3 Spellcasting
 * Level 4.5 Ice Magic


You had 5 spell levels left.
You knew the following spells:

 Your Spells              Type           Power      Damage    Failure   Level
a - Freeze                Ice            64%        1d7       3%          1

Your spell library contained the following spells:

 Spells                   Type           Power      Damage    Failure   Level
 Frozen Ramparts          Ice            32%        1d5       10%         3
 Ozocubu's Armour         Ice            16%        N/A       10%         3
 Summon Ice Beast         Ice/Summ       9%         N/A       61%         4


Dungeon Overview and Level Annotations

Branches:
Dungeon (2/15)

Altars:


Innate Abilities, Weirdness & Mutations

Your serpentine skin is tough. (AC +1)
You have supernaturally acute eyesight. (SInv)
Armour fits poorly on your strangely shaped body.
Your system is resistant to poisons. (rPois)
You cover ground very slowly.
You can spit poison.
You have a snake-like lower body.


Message History

Aiming: Freeze (safe; 3% risk of failure)
Press: ? - help, Shift-Dir - straight line, f - jackal
Aim: a jackal You freeze the jackal.
The jackal is severely wounded.
The jackal barely misses you.
You now have 0/6 mp.
You closely miss the jackal.
The jackal is severely wounded.
The jackal bites you. x2
* * * LOW HITPOINT WARNING * * *
You take 5 damage, and have 7/28 hp.
You barely miss the jackal.
The jackal is severely wounded.
The jackal bites you but does no damage.
You hit the jackal.
The jackal is almost dead.
The jackal bites you.
* * * LOW HITPOINT WARNING * * *
The jackal bites you.
* * * LOW HITPOINT WARNING * * *
You take 3 damage, and have 4/28 hp.
You barely miss the jackal.
The jackal is almost dead.
You are starting to lose your buoyancy.
The jackal bites you.
* * * LOW HITPOINT WARNING * * *
You take 3 damage, and have 1/28 hp.
Press: ? - help, v - describe, . - travel
Here: a kobold, wielding a +0 dagger The floor.
Unknown command.
You closely miss the jackal.
The jackal is almost dead.
The jackal bites you but does no damage.
You hit the jackal but do no damage.
The jackal is almost dead.
The jackal bites you but does no damage.
The jackal bites you.
You die...

# ##.
##...
#.?...####
#(...Kh@.#
#.....##.#
..... #.#
..##
###.### .
#.....#
#.###.#
#.# #.#
#.###.#
#.....#


You could see a jackal and a kobold.

Vanquished Creatures
  An adder (D:2)
  A ball python (D:2)
  3 goblins
  A hobgoblin (D:1)
  3 jackals (D:2)
  4 kobolds
  A quokka (D:2)
  A bat (D:1)
  2 frilled lizards (D:1)
  A rat (D:1)
18 creatures vanquished.

Notes
Turn   | Place    | Note
-------+----------+-------------------------------------------
     0 | D:1      | backslashecho the Naga Ice Elementalist began the quest for
                  | the Orb.
     0 | D:1      | Reached XP level 1. HP: 15/15 MP: 3/3
   183 | D:1      | Found a faded altar of an unknown god.
   598 | D:1      | Reached XP level 2. HP: 19/22 MP: 3/5
  1190 | D:2      | HP: 1/22 [jackal (3)]
  1198 | D:2      | Reached XP level 3. HP: 16/28 MP: 0/6
  1204 | D:2      | HP: 1/28 [jackal (3)]
  1206 | D:2      | Slain by a jackal

Illustrated notes

Levels and vault maps discovered:
D:1:      arrival_zaba_pyramid, layout_rooms, serial_aquarium,
          aquarium_bridge_square [aquarium_subvault_balcony,
          aquarium_subvault_wall, aquarium_subvault_bridge,
          aquarium_subvault_bridge], aquarium_bridge_square
          [aquarium_subvault_balcony, aquarium_subvault_bridge,
          aquarium_subvault_window, aquarium_subvault_balcony],
          aquarium_window_corner, aquarium_window_1, aquarium_window_fake,
          aquarium_view_2f, aquarium_view_4, aquarium_balcony_1b,
          chequers_ecumenical_altar_simple_redux
D:2:      layout_loops_cross

Action                     || total
---------------------------++-------
  Melee: Unarmed           ||    26
         Dagger            ||    19
  Throw: Javelin           ||     2
   Cast: Freeze            ||    21
Ability: Spit Poison       ||     6
    Use: Potion            ||     3
   Stab: Sleeping          ||     2
 Armour: Robe              ||     9
  Dodge: Dodged            ||    27

Table legend: (Time is in decaauts)
 A = Elapsed time spent in this place.
 B = Non-inter-level travel time spent in this place.
 C = Inter-level travel time spent in this place.
 D = Time resting spent in this place.
 E = Time spent auto-exploring this place.
 F = Levels seen in this place.
 G = Mean time per level.
                   A        B        C        D        E       F      G
               +--------+--------+--------+--------+--------+-----+--------+
         Total |   1504 |   1365 |    139 |    261 |    848 |   2 |  752.0 |
       Dungeon |   1504 |   1365 |    139 |    261 |    848 |   2 |  752.0 |
               +--------+--------+--------+--------+--------+-----+--------+

Top non-repeatable levels by time:
     D:1: 1192 daAuts
     D:2: 311 daAuts
